 Dungeon Crawl Stone Soup version 0.30.0-5-g1a98f26d00 (webtiles) character file.

Game seed: 11746686433019700779

527 Orangeyouglad the Ducker (level 7, -5/53 HPs)
             Began as a Human Wanderer on May 10, 2023.
             Was an Initiate of Yredelemnul.
             Slain by an ice beast (14 damage)
             ... on level 5 of the Dungeon.
             The game lasted 00:16:08 (5144 turns).

Orangeyouglad the Ducker (Human Wanderer)           Turns: 5144, Time: 00:16:09

Health: -5/53      AC:  4    Str: 12    XL:     7   Next: 47%
Magic:  2/11       EV: 12    Int: 16    God:    Yredelemnul [......]
Gold:   190        SH:  0    Dex: 11    Spells: 8/12 levels left

rFire   . . .        w - +1 mace (protect)
rCold   . . .        (no shield)
rNeg    . . .        m - +0 leather armour
rPois   +            (no helmet)
rElec   .            (no cloak)
rCorr   +            (no gloves)
SInv    .            a - +0 pair of boots
Will    .....        (no amulet)
Stlth   ++           f - ring of resist corrosion
HPRegen 0.28/turn    r - ring of poison resistance
MPRegen 0.12/turn

%: no passive effects
@: very slightly contaminated, studying Fire Magic
A: no striking features
a: Renounce Religion, Recall Undead Harvest


You were on level 5 of the Dungeon.
You worshipped Yredelemnul.
Yredelemnul was noncommittal.
You visited 1 branch of the dungeon, and saw 5 of its levels.

You collected 190 gold pieces.

Inventory:

Hand Weapons
 w - a +1 mace of protection (weapon)
Missiles
 j - 3 datura-tipped darts
 n - 13 poisoned darts (quivered)
Armour
 a - a +0 pair of boots (worn)
 c - a +0 robe
 m - a +0 leather armour (worn)
Jewellery
 f - a ring of resist corrosion (left hand)
 r - a ring of poison resistance (right hand)
Scrolls
 i - a scroll of fear {unknown}
 l - a scroll of immolation
 p - 3 scrolls of teleportation
 s - 2 scrolls of brand weapon {unknown}
 v - a scroll of vulnerability {unknown}
 x - a scroll of magic mapping {unknown}
 y - a scroll of amnesia {unknown}
Potions
 b - a potion of brilliance
 d - 4 potions of attraction
 e - a potion of magic {unknown}
 g - a potion of cancellation {unknown}
 h - 3 potions of flight
 k - 4 potions of mutation
 o - a potion of berserk rage {unknown}
 q - 2 potions of degeneration {unknown}
 t - a potion of haste {unknown}
 u - a potion of heal wounds {unknown}


   Skills:
 + Level 3.9 Fighting
 + Level 0.1 Armour
 + Level 3.9 Dodging
 - Level 3.4 Stealth
 - Level 3.0 Spellcasting
 + Level 2.2 Conjurations
 - Level 1.0 Necromancy
 + Level 3.0 Earth Magic
 - Level 1.0 Evocations


You had 8 spell levels left.
You knew the following spells:

 Your Spells              Type           Power      Damage    Failure   Level
a - Sandblast             Erth           24%        2d8       7%          1
b - Stone Arrow           Conj/Erth      22%        3d8       24%         3

Your spell library contained the following spells:

 Spells                   Type           Power      Damage    Failure   Level
 Kiss of Death            Conj/Necr      28%        2d7       12%         1
 Passwall                 Tmut/Erth      5%         N/A       19%         2
 Momentum Strike          Conj/Tloc      12%        3d8       22%         2
 Beastly Appendage        Tmut           4%         N/A       24%         1
 Wereblood                Tmut           2%         N/A       34%         2
 Vampiric Draining        Necr           5%         2d6       43%         3
 Confusing Touch          Hex            2%         N/A       56%         3
 Spider Form              Tmut/Pois      2%         N/A       56%         3


Dungeon Overview and Level Annotations

Branches:
Dungeon (5/15)
 Temple: D:4-7

Altars:
Dithmenos
Fedhas
Hepliaklqana
Ru
Yredelemnul

Shops:
D:4 [

Annotations:
D:4 Pikel


Message History

The ice beast freezes you!
Your gnoll zombie barely misses the ice beast.
Casting: Stone Arrow (dangerous; 24% risk of failure)
Confirm with . or Enter, or press ? or * to list all spells.
Aiming: Stone Arrow (dangerous; 24% risk of failure)
Press: ? - help, Shift-Dir - straight line, f/p - ice beast
Aim: an ice beast (lightly wounded, ally target, 68% to hit)
The stone arrow misses the ice beast.
The ice beast hits you but does no damage.
You barely miss the ice beast.
The ice beast is lightly wounded.
The ice beast hits you. The ice beast freezes you!
Your gnoll zombie barely misses the ice beast.
The ice beast hits you but does no damage.
You hit the ice beast but do no damage.
Your weapon exudes an aura of protection.
The ice beast is lightly wounded.
Your gnoll zombie closely misses the ice beast.
The ice beast closely misses you.
Your gnoll zombie barely misses the ice beast.
You closely miss the ice beast.
The ice beast is lightly wounded.
The ice beast hits you but does no damage.
Your gnoll zombie completely misses the ice beast.
The ice beast hits you.
* * * LOW HITPOINT WARNING * * *
The ice beast freezes you.
* * * LOW HITPOINT WARNING * * *
Casting: Stone Arrow (dangerous; 24% risk of failure)
Confirm with . or Enter, or press ? or * to list all spells.
Aiming: Sandblast (safe; 7% risk of failure)
Press: ? - help, Shift-Dir - straight line, f/p - ice beast
Aim: an ice beast (lightly wounded, ally target, 82% to hit)
The blast of sand hits the ice beast.
The ice beast is lightly wounded.
The ice beast hits you.
* * * LOW HITPOINT WARNING * * *
The ice beast freezes you!
You die...
Your body rises from the dead as a mindless zombie.

#......(......#...#..## #.
#..).)........#(....#.##...
#.............#).......#.##
#)######......#..#.###.#. #
#.# #...##...##.# ... # ..#
#...##...##.# .### .###
#...##.#.##.. .. ..
######...##.#.##### ..
###......Y@##.#.#
#####.......(Z..).#.#
#.........####...#
#..#........##...#
#......<....##..##
#..#........##.###
#................#
#.##.#...#g#####.#
#.......##.#


You could see an ice beast (ally target) and a friendly gnoll zombie.

Vanquished Creatures
  A black bear (D:5)
  3 lemures (D:5)
  An orc priest (D:4)
  A hound (D:3)
  2 iguanas (D:5)
  2 orc wizards
  5 gnolls
  3 adders
  An ufetubus (D:4)
  An iguana zombie (D:5)
  A worm (D:1)
  A dart slug (D:4)
  9 orcs
  5 bats
  6 endoplasms
  2 giant cockroaches
  6 goblins
  6 hobgoblins
  4 jackals
  5 quokkas
  2 ball pythons
  2 frilled lizards (D:2)
  3 kobolds
  A rat (D:2)
73 creatures vanquished.

Vanquished Creatures (collateral kills)
  A lemure (D:5)
  A hound (D:3)
  2 orc wizards (D:5)
  A gnoll (D:3)
  An adder (D:4)
  A worm (D:2)
  2 orcs (D:5)
  3 endoplasms
  A hobgoblin (D:4)
  4 jackals
  A kobold (D:1)
  A ball python (D:4)
  A rat (D:3)
20 creatures vanquished.

Vanquished Creatures (others)
  An iguana zombie (D:5)
  2 bat zombies (D:3)
  5 endoplasm zombies
  A goblin zombie (D:3)
  A hobgoblin zombie (D:4)
  4 orc zombies
  A quokka zombie (D:4)
15 creatures vanquished.

Grand Total: 108 creatures vanquished

Notes
Turn   | Place    | Note
-------+----------+-------------------------------------------
     0 | D:1      | Orangeyouglad the Human Wanderer began the quest for the
                  | Orb.
     0 | D:1      | Orangeyouglad set off with the following items: a +0 club,
                  | a potion of brilliance, a +0 robe, a potion of attraction;
                  | and the following spells available to memorise: Kiss of
                  | Death, Beastly Appendage, Sandblast, Momentum Strike,
                  | Vampiric Draining, Confusing Touch.
     0 | D:1      | Reached XP level 1. HP: 16/16 MP: 4/4
    36 | D:1      | Found a faded altar of an unknown god.
    44 | D:1      | Prayed at the altar of an unknown god.
    44 | D:1      | Became a worshipper of Yredelemnul the Dark
    44 | D:1      | Reached * piety under Yredelemnul
   131 | D:1      | Reached XP level 2. HP: 16/22 MP: 6/6
   187 | D:1      | Learned a level 1 spell: Sandblast
   230 | D:1      | Reached skill level 1 in Stealth
   656 | D:1      | Reached XP level 3. HP: 21/28 MP: 4/7
   766 | D:2      | Found a blossoming altar of Fedhas.
  1606 | D:2      | Learned a level 3 spell: Stone Arrow
  1615 | D:3      | Reached skill level 1 in Earth Magic
  1654 | D:2      | Reached XP level 4. HP: 17/34 MP: 3/8
  2049 | D:3      | Reached XP level 5. HP: 38/40 MP: 5/9
  2576 | D:4      | Reached skill level 1 in Conjurations
  2576 | D:4      | Reached XP level 6. HP: 10/47 MP: 7/10
  2764 | D:4      | Found Beled's Antique Armour Emporium.
  3390 | D:4      | Found a hazy altar of Hepliaklqana.
  3399 | D:4      | Found a sacrificial altar of Ru.
  3550 | D:5      | Entered Level 5 of the Dungeon
  3550 | D:5      | Noticed Pikel
  3590 | D:5      | Found a shadowy altar of Dithmenos.
  4064 | D:5      | Noticed a black bear
  4084 | D:5      | Killed a black bear
  4085 | D:5      | Reached XP level 7. HP: 15/52 MP: 7/11
  5144 | D:5      | Slain by an ice beast

Illustrated notes

Levels and vault maps discovered:
D:1:      saegor_arrival_simple_e, layout_rooms,
          chequers_ecumenical_altar_simple_redux, grunt_decor_arrowhead
D:2:      layout_basic, basic_altar, minmay_split_cup_large
D:3:      layout_basic
D:4:      layout_basic, nicolae_overflow_hidden_temple, serial_shops, shop,
          minivault_1, minmay_manual_macuahuitl
D:5:      layout_loops_cross, mainiacjoe_overflow_boulevard, lemuel_round_altar,
          grunt_tough_drop, uniq_pikel

Skill      XL: |  1  2  3  4  5  6  7 |
---------------+----------------------+-----
Stealth        | 1 2 3 |  3.4
Earth Magic    | 1 2 3 |  3.0
Dodging        | 3 |  3.9
Fighting       | 3 |  3.9
Conjurations   | 1 2 |  2.2
Armour         | |  0.1
Spellcasting   | |  3.0
Necromancy     | |  1.0
Evocations     | |  1.0

Action                     |  1- 3 |  4- 6 |  7- 9 || total
---------------------------+-------+-------+-------++-------
  Melee: Hand axe          |    68 |   129 |    10 ||   207
         Punch             |       |     1 |     1 ||     2
         Mace              |       |       |    33 ||    33
  Throw: Dart              |       |     6 |     7 ||    13
   Cast: Sandblast         |    15 |    53 |    11 ||    79
         Stone Arrow       |       |     2 |     6 ||     8
    Use: Scroll            |       |     6 |       ||     6
         Potion            |       |     2 |       ||     2
   Stab: Sleeping          |     2 |       |       ||     2
 Armour: Robe              |    13 |       |       ||    13
         Leather armour    |    13 |    47 |    28 ||    88
  Dodge: Dodged            |    57 |   154 |    63 ||   274
